 Dungeon Crawl Stone Soup version 0.28.0-45-g0d030f2227 (webtiles) character file.

Game seed: 11300525176061616968

119 zeratav the Insei (level 5, 0/34 HPs)
             Began as an Octopode Transmuter on Apr 8, 2022.
             Succumbed to an adder's poison
             ... on level 3 of the Dungeon.
             The game lasted 00:03:58 (2783 turns).

zeratav the Insei (Octopode Transmuter)             Turns: 2783, Time: 00:03:59

Health: 0/34       AC:  1    Str:  9    XL:     5   Next: 3%
Magic:  8/8        EV: 14    Int: 15    God:
Gold:   75         SH:  0    Dex: 15    Spells: 7/8 levels left

rFire   . . .      SeeInvis .   b - +2 dagger (holy) {short}
rCold   . . .      Faith    .   (no shield)
rNeg    . . .      Spirit   .   (helmet restricted)
rPois   .          Reflect  .   (no amulet)
rElec   .          Harm     .   (no ring)
rCorr   .          Rampage  .   (no ring)
Will    .....                   (no ring)
Stlth   +++.......              (no ring)
HPRegen 0.11/turn               (no ring)
MPRegen 0.11/turn               (no ring)
                                (no ring)
                                (no ring)

@: lethally poisoned (0 -> -5)
A: almost no armour, amphibious, 8 rings, camouflage 1, gelatinous body 1,
(nimble swimmer 1), tentacles
a: no special abilities


You were on level 3 of the Dungeon.
You visited 1 branch of the dungeon, and saw 3 of its levels.

You collected 75 gold pieces.


Innate Abilities, Weirdness & Mutations

You cannot wear most types of armour.
You are amphibious.
You can wear up to eight rings at the same time.
Your skin changes colour to match your surroundings (Stealth+).
Your rubbery body absorbs attacks. (AC +1, EV +1)
((You are camouflaged when in or above water. (Stealth+)))
You have tentacles for arms and can constrict up to eight enemies at once.


   Skills:
 + Level 2.1 Fighting
 + Level 2.8 Dodging
 + Level 2.6 Stealth
 * Level 4.2 Unarmed Combat
 - Level 2.0 Spellcasting
 - Level 2.0 Transmutations


You had 7 spell levels left.
You knew the following spells:

 Your Spells              Type           Power      Damage    Failure   Level
a - Beastly Appendage     Tmut           14%        N/A       10%         1

Your spell library contained the following spells:

 Spells                   Type           Power      Damage    Failure   Level
 Wereblood                Tmut           7%         N/A       14%         2
 Animate Skeleton         Necr           2%         N/A       22%         1
 Apportation              Tloc           2%         N/A       22%         1
 Summon Small Mammal      Summ           4%         N/A       22%         1
 Spider Form              Tmut/Pois      4%         N/A       41%         3
 Ice Form                 Ice/Tmut       4%         N/A       82%         4

Inventory:

Hand Weapons
 b - a +2 dagger of holy wrath (weapon) {short}
   (You took it off a kobold on level 1 of the Dungeon)
Scrolls
 a - 4 scrolls of teleportation {unknown}
 c - a scroll of immolation {unknown}
 e - a scroll of magic mapping {unknown}
 f - a scroll of identify {unknown}
Potions
 d - 2 potions of curing {unknown}

Dungeon Overview and Level Annotations

Branches:
Dungeon (3/15)

Altars:

Shops:
D:2

= ..# #### #.# ######...
#.# ####
#......#######.#
....###......##..)...'
............##.####.# #.
#..........#.#.....
#≈..+S.................
#≈.S..@†...$.?)..#.....
≈≈≈≈.#####....#.########
≈#≈ +......# #.......# #
#........# #........#
#.......... .r.........


You could see 2 adders.


Message History

The hound barely misses you.
You barely miss the hound. You constrict the hound.
The hound completely misses you. The hound barely misses you.
You hit the hound but do no damage. You constrict the hound.
The hound bites you.
HP[-4]
You take 4 damage, and now have 21/29 hp.
You hit the hound. You constrict the hound.
The hound bites you but does no damage. x2
You hit the hound.
You kill the hound!
Your Fighting skill increases to level 2!
Your Unarmed Combat skill increases to level 4!
You see here an adder corpse.
You start resting.
HP[+3]
You regained 3 hp, and now have 24/29 hp.
You start resting.
You hear the rusting of a very distant drain.
HP[+5]
Your hp is fully restored (29).
You see here an adder corpse.
You hear the rusting of a very distant drain.
You open the door.
There is an open door here.
Found a stone staircase leading up.
There is a stone staircase leading up here.
You open the door.
There is an open door here.
f - a scroll labelled GISHRI KACLIETZ You open the door.
A goblin comes into view. It is wielding a +0 club.
There is an open door here.
The helpless goblin fails to defend itself.
You puncture the goblin!
You kill the goblin!
Things that are here:
a +0 club {mace}; a goblin corpse
a - 4 scrolls labelled WILO GUTUOT (gained 1)
A quokka comes into view.
You see here a +0 hunting sling {sling}.
You see here a scroll labelled JARCHA BY OMABOMO.
A hobgoblin comes into view.
The hobgoblin shouts!
You see here 5 gold pieces.
An adder comes into view. x2; A river rat comes into view.
The adder moves out of view.
The hobgoblin hits you.
HP[-3]
You take 3 damage, and now have 26/29 hp.
The adder hisses angrily.
You hit the hobgoblin. You grab the hobgoblin. You squeeze the hobgoblin.
You kill the hobgoblin!
You see here a hobgoblin corpse.
The river rat barely misses you.
You completely miss the river rat. Your grab misses the river rat.
You tentacle-slap the river rat. The adder closely misses you.
The river rat completely misses you.
You hit the river rat. Your grab misses the river rat.
The adder bites you but does no damage. The river rat bites you.
HP[-4]
You take 4 damage, and now have 22/29 hp.
You hit the river rat. Your grab misses the river rat. The adder bites you.
The river rat bites you. The adder bites you.
* * * LOW HITPOINT WARNING * * *
HP[-8]
You take 8 damage, and now have 14/29 hp.
MASSIVE DAMAGE!! (PAUSE)
You hit the river rat but do no damage. Your grab misses the river rat.
You squeeze the river rat. The adder barely misses you.
The river rat bites you.
* * * LOW HITPOINT WARNING * * *
HP[-5]
You take 5 damage, and now have 9/29 hp.
You closely miss the river rat. Your grab misses the river rat.
You hear the brisk rusting of a drain very nearby.
The adder barely misses you. The river rat misses you.
You hit the river rat but do no damage. Your grab misses the river rat.
You squeeze the river rat.
You kill the river rat!
The adder barely misses you.
You have reached level 5!
You feel agile.
HP[+1] MP[+1]
You now have 34 max hp (+5).
Your mp is fully restored (8).
You hit the adder. Your grab misses the adder. The adder bites you.
* * * LOW HITPOINT WARNING * * *
You are lethally poisoned!
The adder poisons you! The adder closely misses you.
HP[-4]
You take 4 damage, and now have 6/34 hp.
You barely miss the adder. Your grab misses the adder.
Your squeeze misses the adder.
* * * LOW HITPOINT WARNING * * *
You feel sick. The adder bites you.
* * * LOW HITPOINT WARNING * * *
HP[-5]
You take 5 damage, and now have 1/34 hp.
You miss the adder. Your grab misses the adder.
You die...

Skill      XL: |  1  2  3  4 |
---------------+-------------+-----
Stealth        | 1 2 |  2.6
Fighting       | 2 |  2.1
Unarmed Combat | 4 |  4.2
Dodging        | |  2.8
Spellcasting   | |  2.0
Transmutations | |  2.0

Action                   |  1- 3 |  4- 6 || total
-------------------------+-------+-------++-------
Melee: Unarmed           |    25 |       ||    25
       Tentacles         |    13 |     6 ||    19
       Kick              |     8 |     1 ||     9
       Dagger            |    52 |    33 ||    85
       Constrict         |    14 |     5 ||    19
       Punch             |     2 |     3 ||     5
 Cast: Beastly Appendage |    10 |     3 ||    13
 Stab: Sleeping          |    13 |     1 ||    14
Armor: Skin              |     5 |     4 ||     9
Dodge: Dodged            |    44 |    21 ||    65

Levels and vault maps discovered:
D:1:      eino_arrival_water_star, layout_loops_corners,
          shapermc_ecumenical_altar_rom_forum, chequers_serial_rivers_micro_a
D:2:      layout_loops_ring, serial_shops, shop, serial_glass, glass_columns_a,
          glass_columns_c
D:3:      layout_basic, lightli_sewer_entry_pipes

Notes
Turn   | Place    | Note
-------+----------+-------------------------------------------
     0 | D:1      | zeratav the Octopode Transmuter began the quest for the
                  | Orb.
     0 | D:1      | Reached XP level 1. HP: 13/13 MP: 3/3
     0 | D:1      | magus.rc [v1.9.6]
   133 | D:1      | Reached XP level 2. HP: 18/18 MP: 5/5
   332 | D:1      | Reached skill level 1 in Stealth
   554 | D:1      | Found a faded altar of an unknown god.
   568 | D:1      | Got Plato's Grimoire of Moulding
   996 | D:1      | You pick up a book of Cantrips and begin reading...
   996 | D:1      | You add the spells Animate Skeleton, Summon Small Mammal
                  | and Apportation to your library.
  1000 | D:1      | You pick up a book of Changes and begin reading...
  1036 | D:1      | Reached XP level 3. HP: 12/23 MP: 4/6
  1951 | D:2      | Found Pamumume's Jewellery Boutique.
  1965 | D:2      | Reached skill level 2 in Stealth
  2159 | D:2      | Reached XP level 4. HP: 28/29 MP: 5/7
  2643 | D:3      | Reached skill level 2 in Fighting
  2643 | D:3      | Reached skill level 4 in Unarmed Combat
  2781 | D:3      | Reached XP level 5. HP: 10/34 MP: 8/8
  2781 | D:3      | HP: 6/34 [adder (4)]
  2782 | D:3      | HP: 1/34 [adder (4)]
  2783 | D:3      | Succumbed to an adder's poison

Vanquished Creatures
  A hound (D:3)
  A gnoll (D:1)
  A river rat (D:3)
  2 adders
  3 worms (D:2)
  7 bats (D:1)
  3 endoplasms
  3 giant cockroaches
  4 goblins
  3 hobgoblins
  3 quokkas
  5 ball pythons
  A frilled lizard (D:1)
  4 kobolds
  3 rats
44 creatures vanquished.

Table legend:
 A = Non-vault XP
 B = Vault XP
 C = Vault XP percentage of total XP
 D = Non-vault monster count
 E = Vault monster count
 F = Vault count percentage of total count
                 A         B        C        D         E       F
            +---------+---------+-------+---------+---------+-------
      Total |     156 |      14 |   8.2 |      43 |       1 |   2.3
            +---------+---------+-------+---------+---------+-------
        D:1 |      42 |       0 |   0.0 |      22 |       0 |   0.0
        D:2 |      50 |       0 |   0.0 |      16 |       0 |   0.0
        D:3 |      64 |      14 |  17.9 |       5 |       1 |  16.7
            +---------+---------+-------+---------+---------+-------

Illustrated notes

Table legend:
 A = Kills in this place as a percentage of kills in entire the game.
 B = Kills by you in this place as a percentage of kills by you in the entire game.
 C = Kills by friends in this place as a percentage of kills by friends in the entire game.
 D = Other kills in this place as a percentage of other kills in the entire game.
 E = Experience gained in this place as a percentage of experience gained in the entire game.
 F = Experience gained in this place divided by the number of levels of this place that you have seen.
                   A       B       C       D       E      F
               +-------+-------+-------+-------+-------+----------------------
         Total | 100.0 | 100.0 |   N/A |   N/A | 100.0 |  56.7
       Dungeon | 100.0 | 100.0 |   N/A |   N/A | 100.0 |  56.7
               +-------+-------+-------+-------+-------+----------------------

Table legend: (Time is in decaauts)
 A = Elapsed time spent in this place.
 B = Non-inter-level travel time spent in this place.
 C = Inter-level travel time spent in this place.
 D = Time resting spent in this place.
 E = Time spent auto-exploring this place.
 F = Levels seen in this place.
 G = Mean time per level.
                   A        B        C        D        E       F      G
               +--------+--------+--------+--------+--------+-----+--------+
         Total |   2780 |   2639 |    141 |     79 |   2212 |   3 |  926.7 |
       Dungeon |   2780 |   2639 |    141 |     79 |   2212 |   3 |  926.7 |
               +--------+--------+--------+--------+--------+-----+--------+

Top non-repeatable levels by time:
     D:1: 1506 daAuts
     D:2: 1016 daAuts
     D:3: 257 daAuts
